Map: Acid Plant LE

Players

coldhand

  • Race: Terran Terran
  • Spawn Location: 11:00

npslvoron - Winner!

  • Race: Terran Terran
  • League: Gold
  • Spawn Location: 5:00

VOD

Have the link to the VOD?

Description

Time

  • Played on: March 24, 2018, 4:34 a.m.
  • Length: 3:27
Show
View Real Time Build Order
Export as new Build Order

coldhand Terran 

Build Orders:  

Get SALT Encoding   

  12  0:01  SCV  
  13  0:14  Supply Depot  
  13  0:18  SCV  
  14  0:32  SCV  
  15  1:09  Barracks  
  15  1:12  Barracks  
  15  1:14  Barracks  
  15  1:28  Supply Depot  
  15  1:56  Orbital Command  
  15  2:01  Marine x2  
  15  2:02  Marine  
  18  2:10  Bunker  
  18  2:17  Bunker  
  18  2:19  Marine x3  
  21  2:37  Marine x3  
  21  2:39  SCV  
  25  2:55  Marine x2  
  27  3:00  Marine  
  27  3:02  SCV  
  29  3:08  Refinery  
  29  3:15  Refinery  
Show
View Real Time Build Order
Export as new Build Order

npslvoron Terran - Winner!

Build Orders: Cyclone Opening 

Get SALT Encoding   

  12  0:01  SCV  
  13  0:13  SCV  
  14  0:19  Supply Depot  
  14  0:25  SCV  
  15  0:40  SCV  
  16  0:44  Barracks  
  16  0:50  Refinery  
  16  0:52  SCV  
  17  1:01  Refinery  
  17  1:04  SCV  
  18  1:16  SCV  
  19  1:31  Orbital Command  
  19  1:33  Marine  
  19  1:39  Factory  
  20  1:48  Supply Depot  
  20  1:56  Barracks Reactor  
  20  1:59  SCV  
  21  2:12  SCV  
  16  2:55  Cyclone  
Tags
 
League
Gold
Matchup
TvT
Race
Terran
Replay Pack
24 marzo
Spawn Locations
Cross Positions
Add a new tag
Caveats
  • Supply blocks, unpowered buildings, or Contaminate may cause inaccurate times.
  • Supply counts are checked every 10 seconds.